 Dungeon Crawl Stone Soup version 0.31-a0-880-g9a209b2425 (webtiles) character file.

Game seed: 15639892958218979366

789 Morbidden the Shooter (level 8, -63/58 HPs)
             Began as a Formicid Hunter on Oct 15, 2023.
             Annihilated by an ogre
             ... wielding a +0 giant club
              (65 damage)
             ... on level 5 of the Dungeon.
             The game lasted 00:07:46 (4277 turns).

Morbidden the Shooter (Formicid Hunter)             Turns: 4277, Time: 00:07:47

Health: -63/58     AC:  5    Str: 16    XL:     8   Next: 12%
Magic:  8/8        EV:  2    Int: 15    God:
Gold:   172        SH:  0    Dex: 19    Spells: 7/7 levels left

rFire   . . .        b - +0 rapier
rCold   . . .        i - +1 kite shield
rNeg    . . .        r - +0 scale mail
rPois   .            (helmet unavailable)
rElec   .            p - +0 cloak
rCorr   .            (no gloves)
SInv    +            (no boots)
Will    .....        (no amulet)
Stlth   +            k - +6 ring of intelligence
HPRegen 0.29/turn    (no ring)
MPRegen 0.11/turn

%: no passive effects
@: sleeping, corroded, invisible (expiring)
A: permanent stasis, dig shafts and tunnels, antennae 3, four strong arms,
iridescent scales 1, wild magic 1
a: Dig, Shaft Self


You were on level 5 of the Dungeon.
You visited 1 branch of the dungeon, and saw 5 of its levels.
You also visited: Sewer.

You collected 172 gold pieces.

Inventory:

Hand Weapons
 a - a +1 shortbow
 b - a +0 rapier (weapon)
Missiles
 h - 9 poisoned darts
Armour
 i - a +1 kite shield (worn)
 p - a +0 cloak (worn)
 r - a +0 scale mail (worn)
Jewellery
 k - a +6 ring of intelligence (left hand)
 o - a ring of ice
Wands
 e - a wand of mindburst (12)
 m - a wand of digging (7)
Scrolls
 g - 4 scrolls of teleportation
 v - a scroll of fear {unknown}
 w - a scroll of vulnerability {unknown}
 x - a scroll of acquirement {unknown}
 y - a scroll of silence
Potions
 d - 2 potions of curing
 f - a potion of might
 j - a potion of mutation
 n - a potion of haste {unknown}
 q - a potion of invisibility
 t - a potion of degeneration {unknown}
 u - 2 potions of brilliance
 z - a potion of attraction {unknown}


   Skills:
 * Level 3.4 Fighting
 * Level 2.3 Short Blades
 * Level 7.2 Ranged Weapons
 + Level 1.7 Armour
 * Level 3.1 Dodging
 + Level 2.0 Stealth
 * Level 3.5 Shields


You had 7 spell levels left.
You didn't know any spells.
Your spell library contained the following spells:

 Spells                   Type           Power      Damage    Failure   Level
 Sandblast                Erth           0%         2d4       98%         1
 Cigotuvi's Dreadful Rot  Necr/Pois/Air  0%         N/A       99%         2
 Passwall                 Tmut/Erth      0%         N/A       99%         2
 Ignite Poison            Fire/Tmut/Pois 0%         N/A       100%        3
 Inner Flame              Hex/Fire       0%         N/A       100%        3
 Stone Arrow              Conj/Erth      0%         3d7       100%        3
 Brom's Barrelling Bould  Conj/Erth      0%         2d3       100%        4
 Freezing Cloud           Conj/Ice/Air   0%         6-21      100%        5
 Yara's Violent Unravell  Hex/Tmut       0%         3d3       100%        5
 Enfeeble                 Hex            0%         N/A       100%        7


Dungeon Overview and Level Annotations

Branches:
Dungeon (5/15)              Sewer (visited)
 Temple: D:4-7

Altars:
Ashenzari

Shops:
D:5 =

Annotations:
D:3 1 runed translucent door, Pascal76's ghost, weakling GrGl


Innate Abilities, Weirdness & Mutations

You cannot be hasted, slowed, berserked, paralysed or teleported.
You can dig through walls and to a lower floor.
You have a pair of large antennae on your head. (SInv)
Your four strong arms can wield two-handed weapons with a shield.
You are partially covered in iridescent scales. (AC +2)
Your spells are a little harder to cast, but a little more powerful.


Message History

Unknown command.
You catch the helpless ogre completely off-guard!
You puncture the ogre!
The ogre is heavily wounded.
Something bites your butterfly.
Your butterfly dies!
Your butterfly disappears in a burst of colours!
The adder bites your butterfly.
Your butterfly dies!
Your butterfly disappears in a burst of colours!
The ogre barely misses you.
Unknown command.
Unknown command.
The adder hisses angrily.
You hit the ogre.
The ogre is heavily wounded.
You hear a shout!
The hound barely misses your butterfly. You block the sleepcap's attack.
Unknown command.
Unknown command.
Unknown command.
You strike the helpless ogre from behind!
You puncture the ogre!
The ogre is severely wounded.
You block the sleepcap's attack. You block the ogre's attack.
Unknown command.
Unknown command.
Unknown command.
You hit the ogre but do no damage.
The ogre is severely wounded.
You hear the slow hiss of an avalanche of sand nearby.
You flicker for a moment.
Your butterfly disappears in a burst of colours!
The sleepcap releases spores at you.
* * * LOW HITPOINT WARNING * * *
You are engulfed in a cloud of soporific spores!
You fall asleep.
The ogre hits you with a +0 giant club!!!
Ouch! That really hurt!
You die...

.......:..# .=..b....#
........# $...b..###
...b..... l.... ..##
#.... ,#fh# #..## #....
#@.# ##.⌠.## # ......
##O###.....##.# .....
#{S#..⌠...⌠...## ##.[.#
#..#{{........∩.
#.....###.#...{{.......
>##.l...................
..............⌠...⌠.....
...b.b.{bb..#.b.........
#.....b....>....⌠.......


You could see an ogre (unable to see you), a sleepcap (unable to see you), an
iguana (unable to see you), a hound and an adder (unable to see you).

Vanquished Creatures
  A centaur (D:4)
  2 kobold brigands (Sewer)
  2 scorpions (D:4)
  A howler monkey (D:5)
  2 hounds (D:4)
  A jelly (D:5)
  2 orc priests (D:3)
  An iguana (D:4)
  4 gnolls
  2 river rats
  5 adders
  6 worms
  4 dart slugs
  5 orcs (D:3)
  12 endoplasms
  4 giant cockroaches
  10 goblins
  7 hobgoblins
  3 jackals (D:1)
  13 kobolds
  7 quokkas
  13 ball pythons
  3 bats
  5 frilled lizards
  4 rats
119 creatures vanquished.

Notes
Turn   | Place    | Note
-------+----------+-------------------------------------------
     0 | D:1      | Morbidden the Formicid Hunter began the quest for the Orb.
     0 | D:1      | Reached XP level 1. HP: 16/16 MP: 1/1
    65 | D:1      | Reached XP level 2. HP: 22/22 MP: 2/2
   598 | D:1      | Reached XP level 3. HP: 27/27 MP: 3/3
  1018 | D:2      | Found a broken altar of Ashenzari.
  1150 | D:2      | Found a faded altar of an unknown god.
  1599 | D:2      | Reached XP level 4. HP: 22/33 MP: 4/4
  1758 | D:3      | Reached skill level 5 in Ranged Weapons
  1930 | D:3      | Reached skill level 1 in Shields
  1995 | D:3      | Found a glowing drain.
  1999 | Sewer    | Entered a sewer
  2066 | Sewer    | Reached skill level 1 in Short Blades
  2066 | Sewer    | Reached XP level 5. HP: 36/39 MP: 5/5
  2221 | Sewer    | Noticed a kobold brigand
  2242 | Sewer    | Gained mutation: Your spells are a little harder to cast,
                  | but a little more powerful. [potion of mutation]
  2242 | Sewer    | Gained mutation: You are partially covered in iridescent
                  | scales. (AC +2) [potion of mutation]
  2246 | Sewer    | Killed a kobold brigand
  2247 | Sewer    | Reached XP level 6. HP: 19/46 MP: 6/6
  2467 | Sewer    | Reached skill level 6 in Ranged Weapons
  2645 | D:3      | Found a runed translucent door.
  2651 | D:3      | Noticed Pascal76's ghost (weakling GrGl)
  2681 | D:3      | You fall into a shaft and drop 1 floor!
  2753 | D:4      | Reached skill level 1 in Armour
  2827 | D:4      | Reached XP level 7. HP: 29/52 MP: 7/7
  3992 | D:3      | Reached skill level 7 in Ranged Weapons
  4187 | D:5      | Entered Level 5 of the Dungeon
  4187 | D:5      | Found Pisam's Jewellery Shop.
  4217 | D:4      | Reached XP level 8. HP: 17/58 MP: 8/8
  4277 | D:5      | HP: 2/58 [sleepcap (3)]
  4277 | D:5      | Annihilated by an ogre

Illustrated notes

Levels and vault maps discovered:
D:1:      minmay_arrival_shoal_huts, layout_basic, corner_web_ring,
          hangedman_decor_clover_reticule, minmay_misc_feat_chi,
          patterned_corridor
D:2:      layout_basic, shapermc_ecumenical_altar_ellora, basic_altar
D:3:      layout_rooms, gup_sewer_entry_spiral, ebering_ghost_reflecting_pool,
          minmay_fractal_squares_5
D:4:      layout_rooms
D:5:      cheibrodos_barr_body, layout_cave_pools,
          lemuel_mausoleum_altar_yredelemnul, overflow_temple_1_default,
          nicolae_overflow_crystal_walls, enter_ossuary_4,
          ebering_ghost_sewer_d, serial_shops, shop, kennysheep_another_room,
          small_statue_alley_b, abandoned_shop, grunt_ministairs_2,
          dk_vineyard_3

Skill      XL: |  1  2  3  4  5  6  7  8 |
---------------+-------------------------+-----
Dodging        | 2 3 |  3.1
Ranged Weapons | 5 6 7 |  7.2
Shields        | 1 2 3 |  3.5
Short Blades   | 1 2 |  2.3
Armour         | 1 |  1.7
Fighting       | 3 |  3.4
Stealth        | 2 |  2.0

Action                     |  1- 3 |  4- 6 |  7- 9 || total
---------------------------+-------+-------+-------++-------
  Melee: Rapier            |       |    65 |    69 ||   134
   Fire: Shortbow          |    92 |   171 |    65 ||   328
  Throw: Dart              |       |     2 |       ||     2
Ability: Shaft Self        |       |     1 |       ||     1
  Evoke: Wand              |       |       |     3 ||     3
    Use: Scroll            |       |     4 |     5 ||     9
         Potion            |       |     6 |     5 ||    11
   Stab: Invisible         |       |     3 |     4 ||     7
         Distracted        |       |     1 |       ||     1
 Armour: Leather armour    |    13 |    72 |    26 ||   111
         Scale mail        |       |       |    30 ||    30
  Dodge: Dodged            |    18 |    62 |    37 ||   117
  Block: Kite shield       |    19 |    77 |    62 ||   158

Table legend: (Time is in decaauts)
 A = Elapsed time spent in this place.
 B = Non-inter-level travel time spent in this place.
 C = Inter-level travel time spent in this place.
 D = Time resting spent in this place.
 E = Time spent auto-exploring this place.
 F = Levels seen in this place.
 G = Mean time per level.
                   A        B        C        D        E       F      G
               +--------+--------+--------+--------+--------+-----+--------+
         Total |   4527 |   4299 |    228 |    552 |   2670 |   6 |  754.5 |
       Dungeon |   3830 |   3602 |    228 |    450 |   2287 |   5 |  766.0 |
         Sewer |    696 |    696 |      0 |    102 |    383 |   1 |  696.0 |
               +--------+--------+--------+--------+--------+-----+--------+

Top non-repeatable levels by time:
     D:3: 1073 daAuts
     D:1: 1019 daAuts
     D:4: 930 daAuts
     D:2: 754 daAuts
   Sewer: 696 daAuts
     D:5: 52 daAuts
